 Dungeon Crawl Stone Soup version 0.30-a0-222-ge547ba4400 (webtiles) character file.

Game seed: 4803753540288843979

1201 Aibolit the Cleaver (level 8, -2/70 HPs)
             Began as a Hill Orc Fighter on Oct 8, 2022.
             Was an Initiate of Okawaru.
             Slain by Duvessa
             ... wielding a +0 rapier
              (5 damage)
             ... on level 5 of the Dungeon.
             The game lasted 00:10:24 (4929 turns).

Aibolit the Cleaver (Hill Orc Fighter)              Turns: 4929, Time: 00:10:24

Health: -2/70      AC: 12    Str: 21    XL:     8   Next: 44%
Magic:  8/8        EV:  7    Int:  8    God:    Okawaru [......]
Gold:   260        SH:  4    Dex: 10    Spells: 7/7 levels left

rFire   . . .      SeeInvis .    u - +1 hand axe (vorpal)
rCold   . . .      Faith    .    c - +0 buckler
rNeg    . . .      Spirit   .    v - +0 chain mail
rPois   .          Reflect  .    e - +2 hat
rElec   .          Harm     .    (no cloak)
rCorr   .          Rampage  .    (no gloves)
Will    .....                    (no boots)
Stlth   ..........               (no amulet)
HPRegen 0.31/turn                (no ring)
MPRegen 0.11/turn                (no ring)

@: about to teleport
A: no striking features
a: Renounce Religion


You were on level 5 of the Dungeon.
You worshipped Okawaru.
Okawaru was noncommittal.
You visited 2 branches of the dungeon, and saw 6 of its levels.

You collected 260 gold pieces.

Inventory:

Hand Weapons
 u - a +1 vorpal hand axe (weapon)
Armour
 c - a +0 buckler (worn)
 e - a +2 hat (worn)
 v - a +0 chain mail (worn)
Wands
 h - a wand of flame (6)
Scrolls
 b - a scroll of silence {unknown}
 d - a scroll of noise {unknown}
 g - 2 scrolls of enchant weapon
 i - 2 scrolls of immolation
 j - a scroll of acquirement {unknown}
 k - a scroll of teleportation
 l - a scroll of magic mapping {unknown}
 m - a scroll of torment {unknown}
 n - 3 scrolls of butterflies
 s - 3 scrolls of enchant armour
 t - a scroll of summoning {unknown}
 x - a scroll of amnesia {unknown}
Potions
 a - a potion of curing {unknown}
 f - a potion of invisibility {unknown}
 o - 3 potions of heal wounds {unknown}
 p - a potion of berserk rage {unknown}
 q - 3 potions of haste {unknown}
 r - a potion of cancellation {unknown}
 w - a potion of mutation {unknown}


   Skills:
 + Level 6.1 Fighting
 + Level 9.7 Axes
 + Level 5.6 Armour
 + Level 1.1 Dodging
 + Level 0.3 Stealth
 + Level 4.2 Shields


You had 7 spell levels left.
You didn't know any spells.
Your spell library contained the following spells:

 Spells                   Type           Power      Damage    Failure   Level
 Sandblast                Erth           0%         2d4       99%         1
 Passwall                 Tmut/Erth      0%         N/A       100%        2
 Dazzling Flash           Conj/Hex       0%         N/A       100%        3
 Gell's Gravitas          Tloc           0%         N/A       100%        3
 Portal Projectile        Hex/Tloc       0%         N/A       100%        3
 Stone Arrow              Conj/Erth      0%         3d7       100%        3
 Teleport Other           Tloc           0%         N/A       100%        3
 Leda's Liquefaction      Hex/Erth       0%         N/A       100%        4
 Agony                    Necr           0%         N/A       100%        5
 Silence                  Hex/Air        0%         N/A       100%        5
 Dispersal                Tloc           0%         N/A       100%        6
 Call Canine Familiar     Summ           Unusable   N/A       N/A         3

Dungeon Overview and Level Annotations

Branches:
Dungeon (5/15)             Temple (1/1) D:5

Altars:
Ashenzari
Cheibriados
Elyvilon
Fedhas
Gozag
Hepliaklqana
Kikubaaqudgha
Makhleb
Nemelex Xobeh
Okawaru
Qazlal
Ru
Uskayaw
Vehumet
Zin
The Shining One

Annotations:
D:5 Duvessa


Message History

Duvessa is moderately wounded.
Duvessa hits you with a +0 rapier!
You barely miss Duvessa.
Duvessa is moderately wounded.
Duvessa barely misses you.
You hit Duvessa.
Duvessa is moderately wounded.
Duvessa hits you with a +0 rapier.
You barely miss Duvessa.
Duvessa is moderately wounded.
Duvessa barely misses you. Duvessa hits you with a +0 rapier!
You are too injured to fight recklessly!
You cannot coerce anything to answer your summons.
Unknown command.
You completely miss Duvessa.
Duvessa is moderately wounded.
Duvessa hits you with a +0 rapier.
You closely miss Duvessa.
Duvessa is moderately wounded.
Duvessa hits you with a +0 rapier!
* * * LOW HITPOINT WARNING * * *
You cannot coerce anything to answer your summons.
Unknown command.
You cannot coerce anything to answer your summons.
Unknown command.
Duvessa hits you with a +0 rapier!
* * * LOW HITPOINT WARNING * * *
Duvessa hits you with a +0 rapier.
* * * LOW HITPOINT WARNING * * *
You block Duvessa's attack.
You see here a +0 ring mail.
Duvessa hits you with a +0 rapier.
* * * LOW HITPOINT WARNING * * *
As you read the scroll labelled OKUOFEYQOH, it crumbles to dust.
You feel strangely unstable.
It was a scroll of teleportation.
Duvessa hits you with a +0 rapier.
* * * LOW HITPOINT WARNING * * *
Duvessa attacks as you move away! You block Duvessa's attack.
Duvessa hits you with a +0 rapier.
You die...

...... ##.....##.....#.....#..#..
......##...........).#.....#.###.
.....................#...###.##..
.......#......)...##......##...#.
..........#.>.........#........#.
.....###..#...........#...###..#.
..... ##.#......................
)#...# #........................
##....##.....[e@.............###
............................#
..............##.#..##.......#
............######..#.......#
#..........## #.........##
...........# ##.....#.##
........##... ##....###
##......#..#.. ##...#
##.......##...P ##..#


You could see Duvessa (berserk).

Vanquished Creatures
  Grinder (D:4)
  A black bear (D:4)
  3 ogres
  A scorpion (D:3)
  Dowan (D:5)
  A howler monkey (D:4)
  3 hounds
  An orc priest (D:4)
  A gnoll bouda (D:4)
  A jelly (D:4)
  An iguana (D:5)
  Robin (D:4)
  4 gnolls (D:4)
  11 adders
  2 shadow imps (D:5)
  A worm (D:2)
  2 dart slugs
  12 orcs
  9 ball pythons
  11 endoplasms
  7 giant cockroaches
  21 goblins
  15 hobgoblins
  4 jackals (D:1)
  6 kobolds
  3 quokkas
  3 bats
  2 frilled lizards (D:3)
  7 rats
136 creatures vanquished.

Vanquished Creatures (others)
  2 plants (D:3)
2 creatures vanquished.

Grand Total: 138 creatures vanquished

Notes
Turn   | Place    | Note
-------+----------+-------------------------------------------
     0 | D:1      | Aibolit the Hill Orc Fighter began the quest for the Orb.
     0 | D:1      | Reached XP level 1. HP: 19/19 MP: 1/1
    94 | D:1      | Reached XP level 2. HP: 23/27 MP: 2/2
   214 | D:1      | Reached skill level 3 in Axes
   272 | D:1      | Reached XP level 3. HP: 34/34 MP: 3/3
   973 | D:2      | Found a faded altar of an unknown god.
  1288 | D:2      | Reached XP level 4. HP: 40/41 MP: 4/4
  1535 | D:2      | Reached skill level 4 in Axes
  1641 | D:2      | Reached skill level 5 in Fighting
  1712 | D:3      | Noticed a scorpion
  1718 | D:3      | Killed a scorpion
  1719 | D:3      | Reached XP level 5. HP: 48/48 MP: 5/5
  1822 | D:3      | Reached skill level 5 in Axes
  1822 | D:3      | Found a snail-covered altar of Cheibriados.
  2055 | D:3      | Found a broken altar of Ashenzari.
  2056 | D:3      | Found a blossoming altar of Fedhas.
  2851 | D:4      | Found a sparkling altar of Nemelex Xobeh.
  2877 | D:4      | Reached skill level 6 in Axes
  2877 | D:4      | Reached XP level 6. HP: 44/56 MP: 6/6
  2962 | D:4      | Found a sacrificial altar of Ru.
  3092 | D:4      | Reached skill level 7 in Axes
  3148 | D:4      | Reached XP level 7. HP: 26/61 MP: 7/7
  3341 | D:4      | Noticed Robin
  3371 | D:4      | Killed Robin
  3421 | D:4      | Noticed Grinder
  3431 | D:4      | Killed Grinder
  3432 | D:4      | Reached skill level 8 in Axes
  3432 | D:4      | Reached skill level 1 in Dodging
  3984 | D:4      | Reached skill level 5 in Armour
  4003 | D:4      | Reached XP level 8. HP: 61/70 MP: 8/8
  4046 | D:5      | Entered Level 5 of the Dungeon
  4091 | D:5      | Found a staircase to the Ecumenical Temple.
  4102 | D:5      | Reached skill level 9 in Axes
  4108 | Temple   | Entered the Ecumenical Temple
  4430 | Temple   | Became a worshipper of Warmaster Okawaru
  4770 | D:5      | Noticed Dowan
  4884 | D:5      | Killed Dowan
  4911 | D:5      | Noticed Duvessa
  4928 | D:5      | HP: 2/70 [Duvessa/+0 rapier (6)]
  4929 | D:5      | Slain by Duvessa

Illustrated notes

Levels and vault maps discovered:
D:1:      beargit_arrival_greenhouse, layout_basic, kennysheep_pointless_box
D:2:      kennysheep_six_static_rooms, layout_basic,
          ebering_ecumenical_altar_abandoned
D:3:      layout_basic, gammafunk_temple_overflow_forgotten,
          ebering_dispersal_statue_hall, hangedman_decor_push,
          minmay_misc_feat_chi
D:4:      layout_loops_ring, mainiacjoe_overflow_surrounded_room,
          hangedman_ru_absence, kennysheep_nondescript,
          hangedman_minor_gate_pass, uniq_robin, uniq_grinder
D:5:      layout_cave_pools, nicolae_sif_muna_little_library, temple_statues,
          serial_demonic, serial_demonic_c, serial_demonic_e, serial_demonic_a,
          serial_demonic_a, uniq_duvessa
Temple:   bh_familiar_temple

Skill      XL: |  1  2  3  4  5  6  7  8 |
---------------+-------------------------+-----
Fighting       | 4 5 6 |  6.1
Axes           | 3 4 6 7 8 9 |  9.7
Armour         | 4 5 |  5.6
Dodging        | 1 |  1.1
Shields        | 4 |  4.2
Stealth        | |  0.3

Action                   |  1- 3 |  4- 6 |  7- 9 || total
-------------------------+-------+-------+-------++-------
Melee: War axe           |    88 |   159 |    91 ||   338
       Hand axe          |       |       |    52 ||    52
  Use: Scroll            |     1 |     3 |     2 ||     6
       Potion            |       |     2 |       ||     2
Armor: Scale mail        |    43 |    74 |    19 ||   136
       Chain mail        |       |       |    57 ||    57
Dodge: Dodged            |    55 |    78 |    45 ||   178
Block: Buckler           |    26 |    37 |    26 ||    89

Table legend: (Time is in decaauts)
 A = Elapsed time spent in this place.
 B = Non-inter-level travel time spent in this place.
 C = Inter-level travel time spent in this place.
 D = Time resting spent in this place.
 E = Time spent auto-exploring this place.
 F = Levels seen in this place.
 G = Mean time per level.
                   A        B        C        D        E       F      G
               +--------+--------+--------+--------+--------+-----+--------+
         Total |   5011 |   4266 |    745 |    470 |   2799 |   6 |  835.2 |
       Dungeon |   4645 |   4103 |    542 |    470 |   2644 |   5 |  929.0 |
        Temple |    365 |    162 |    203 |      0 |    155 |   1 |  365.0 |
               +--------+--------+--------+--------+--------+-----+--------+

Top non-repeatable levels by time:
     D:4: 1225 daAuts
     D:3: 1169 daAuts
     D:1: 930 daAuts
     D:2: 809 daAuts
     D:5: 510 daAuts
  Temple: 365 daAuts
